 Dungeon Crawl Stone Soup version 0.19-a0-1206-g6bcb79c (webtiles) character file.

9940 jakamitsu the Cleaver (level 11, -5/153 HPs)
             Began as a Minotaur Berserker on Aug 21, 2016.
             Was a High Priest of Trog.
             Slain by a skeletal warrior
             ... wielding a +0 short sword
             ... led by a skeletal warrior
              (9 damage)
             ... on level 11 of the Dungeon on Aug 22, 2016.
             The game lasted 00:25:02 (11620 turns).

jakamitsu the Cleaver (Minotaur Berserker)         Turns: 11620, Time: 00:25:02

Health: -5/153     AC: 11    Str: 29    XL:     11   Next: 29%
Magic:  0/10       EV: 12    Int:  4    God:    Trog [*****.]
Gold:   511        SH:  0    Dex: 11    Spells: 0 memorised, 10 levels left

rFire  + . .     SeeInvis .     a - +0 battleaxe
rCold  + + .     Gourm    .     k - +1 ring mail "Camirgh" {+Fly rF+}
rNeg   . . .     Faith    .     (shield currently unavailable)
rPois  .         Spirit   +     (helmet restricted)
rElec  .         Dismiss  .     z - +0 cloak
rCorr  .         Reflect  .     (no gloves)
MR     +....     Harm     .     i - +0 pair of boots
Stlth  ..........               s - amulet of guardian spirit
                                l - ring of protection from cold
                                G - ring of protection from magic

@: berserking (expiring), very quick
A: retaliatory headbutt, horns 2, cold resistance 1
a: Berserk, Trog's Hand, Brothers in Arms, Burn Spellbooks, Renounce Religion,
Evoke Flight


You were on level 11 of the Dungeon.
You worshipped Trog.
Trog was extremely pleased with you.
You were hungry.

You visited 1 branch of the dungeon, and saw 11 of its levels.

You collected 511 gold pieces.

Inventory:

Hand Weapons
 a - a +0 battleaxe (weapon)
Armour
 i - a +0 pair of boots (worn)
 k - the +1 ring mail "Camirgh" (worn) {+Fly rF+}
   (You found it on level 7 of the Dungeon)

   It protects you from fire.
   It lets you fly.
 z - a +0 cloak (worn)
 F - a +0 plate armour
Jewellery
 l - a ring of protection from cold (right hand)
 o - a +4 ring of intelligence
 s - an amulet of guardian spirit (around neck)
 A - an uncursed ring of stealth
 G - a ring of protection from magic (left hand)
Wands
 h - a wand of lightning (8/15)
Scrolls
 d - 2 scrolls of identify {@r1}
 f - a scroll of recharging
 q - a scroll of enchant armour
 r - a scroll of magic mapping
 w - 3 scrolls of enchant weapon
 x - 2 scrolls of remove curse
 y - 5 scrolls of teleportation
 D - a scroll of holy word
 E - a scroll of vulnerability {unknown}
Potions
 b - 2 potions of heal wounds
 e - a potion of brilliance
 m - 4 potions of curing
 n - 4 potions of haste
 p - 3 potions of agility
 t - a potion of flight
 u - 3 potions of magic
 v - a potion of berserk rage
 I - a potion of cure mutation
Comestibles
 c - 8 bread rations
 g - 3 meat rations
 j - 12 fruits
 B - 6 slices of pizza
 C - 4 chunks of flesh
 H - 2 royal jellies


   Skills:
 + Level 11.0 Fighting
 * Level 14.9 Axes
 + Level 10.6 Armour
 - Level 2.1 Dodging


You had 10 spell levels left.
You didn't know any spells.

Dungeon Overview and Level Annotations

Branches:
Dungeon (11/15)            Temple (0/1) D:5            Lair (0/6) D:11
    Orc (0/2) D:11

Altars:
Ashenzari
Cheibriados
Fedhas
Gozag
Hepliaklqana
Makhleb
Okawaru
Ru
Trog
Vehumet
Xom
Yredelemnul
Zin

Shops:
D:5 :   D:11 :


Innate Abilities, Weirdness & Mutations

You reflexively headbutt those who attack you in melee.
You have a pair of horns on your head.
Your flesh is cold resistant. (rC+)


Message History

* * * LOW HITPOINT WARNING * * *
The skeletal warrior hits you with a dire flail!!
* * * LOW HITPOINT WARNING * * *
Found Haneskon's Book Shoppe.
You see here a dire flail.
You slice the skeletal warrior!! You barely miss the skeletal warrior.
You completely miss the skeletal warrior.
You slash the skeletal warrior!
The skeletal warrior closely misses you.
You furiously retaliate!
You headbutt the skeletal warrior.
The skeletal warrior hits you but does no damage.
You slash the skeletal warrior!
You destroy the skeletal warrior!
Trog accepts your kill.
You closely miss the skeletal warrior. You slash the skeletal warrior!
You closely miss the skeletal warrior.
The skeletal warrior hits you with a short sword.
* * * LOW HITPOINT WARNING * * *
The skeletal warrior hits you with a short sword!
You die...

...#####.)..#...
.......).)..#... .
............#... ..
.............).. ...
................ ..∩.
................ .....
........<.......
......#####+#####.......
......)@................
......zzz..######.......
.......h...# #.......
...........# #.......
...........# #...#...
...........# #.......
.###.......# #...#...
#.......# #...####


You could see 3 skeletal warriors and a hound.

Vanquished Creatures
  2 skeletal warriors (D:11)
  An unseen horror (D:9)
  A hill giant (D:10)
  Pikel (D:6)
  Joseph (D:8)
  Sigmund (D:5)
  8 yaks
  2 wyverns
  Grum (D:9)
  A human (D:8)
  2 hippogriffs
  A warg (D:11)
  Edmund (D:5)
  Duvessa (D:4)
  An ice beast (D:9)
  6 orc warriors
  3 phantoms
  An eye of draining (D:9)
  3 slaves (D:6)
  7 ogres
  2 centaurs (D:8)
  4 wolves (D:9)
  6 giant frogs
  2 big kobolds
  Dowan (D:4)
  2 scorpions
  6 killer bees
  4 spriggan skeletons (D:9)
  A troll skeleton (D:9)
  A howler monkey (D:6)
  5 crimson imps
  A giant frog zombie (D:5)
  A centaur zombie (D:5)
  A quasit (D:9)
  A giant frog skeleton (D:5)
  3 hounds
  2 centaur skeletons
  6 orc priests
  Crazy Yiuf (D:4)
  2 jellies
  2 iguanas
  2 orc wizards
  4 worker ants
  2 sheep (D:8)
  A hound zombie (D:8)
  2 hound skeletons
  3 gnolls (D:2)
  13 adders
  2 shadow imps (D:6)
  2 oozes
  5 worms
  2 dart slugs
  12 giant geckos
  56 orcs
  4 giant cockroaches
  3 goblins
  5 hobgoblins
  2 jackals (D:3)
  9 quokkas
  A ball python (D:3)
  6 bats
  11 giant newts (D:1)
  14 kobolds
  A quokka skeleton (D:5)
  4 rats
265 creatures vanquished.

Vanquished Creatures (others)
  A crimson imp (D:6)
1 creature vanquished.

Grand Total: 266 creatures vanquished

Notes
Turn   | Place    | Note
-------+----------+-------------------------------------------
     0 | D:1      | jakamitsu the Minotaur Berserker began the quest for the Orb.
     0 | D:1      | Reached XP level 1. HP: 19/19 MP: 0/0
   412 | D:1      | Reached skill level 4 in Axes
   417 | D:1      | Reached XP level 2. HP: 21/27 MP: 1/1
  1242 | D:2      | Reached XP level 3. HP: 22/33 MP: 2/2
  1454 | D:2      | Found an opulent altar of Gozag.
  1691 | D:2      | Reached ** piety under Trog
  1691 | D:2      | Reached skill level 5 in Axes
  1811 | D:2      | Reached XP level 4. HP: 14/40 MP: 3/3
  2699 | D:3      | Reached XP level 5. HP: 27/47 MP: 1/4
  2912 | D:3      | Reached skill level 6 in Axes
  3281 | D:4      | Noticed a phantom
  3282 | D:4      | Noticed an ogre
  3297 | D:4      | Killed an ogre
  3297 | D:4      | Reached XP level 6. HP: 46/55 MP: 1/5
  3301 | D:4      | Reached *** piety under Trog
  3309 | D:4      | Reached skill level 5 in Fighting
  3443 | D:4      | Reached skill level 7 in Axes
  3606 | D:4      | Reached XP level 7. HP: 60/61 MP: 6/6
  3812 | D:4      | Found a runed door.
  3942 | D:4      | Noticed Duvessa
  3944 | D:4      | Noticed Dowan
  3948 | D:4      | Killed Duvessa
  3948 | D:4      | Reached skill level 8 in Axes
  3948 | D:4      | Reached skill level 5 in Armour
  3956 | D:4      | Killed Dowan
  4016 | D:4      | Found a shimmering altar of Xom.
  4254 | D:4      | Noticed Crazy Yiuf
  4266 | D:4      | Killed Crazy Yiuf
  4363 | D:5      | Entered Level 5 of the Dungeon
  4508 | D:5      | Found a staircase to the Ecumenical Temple.
  4588 | D:5      | Found Rosa's Book Shop.
  4678 | D:5      | Noticed Sigmund
  4683 | D:5      | Reached XP level 8. HP: 71/71 MP: 7/7
  4687 | D:5      | Killed Sigmund
  4687 | D:5      | Reached skill level 9 in Axes
  4911 | D:5      | Noticed Edmund
  4925 | D:5      | Killed Edmund
  5075 | D:5      | Reached **** piety under Trog
  5219 | D:5      | Reached skill level 10 in Axes
  5360 | D:6      | Noticed Pikel
  5374 | D:6      | Killed Pikel
  5374 | D:6      | Reached XP level 9. HP: 80/80 MP: 5/8
  5497 | D:6      | Found a blossoming altar of Fedhas.
  5505 | D:6      | Found an opulent altar of Gozag.
  5521 | D:6      | Found a hazy altar of Hepliaklqana.
  5564 | D:6      | HP: 3/80 [ogre/giant spiked club (18)]
  6145 | D:6      | Reached skill level 11 in Axes
  6368 | D:7      | Gained mutation: Your flesh is cold resistant. (rC+) [potion of beneficial mutation]
  6390 | D:7      | Found a radiant altar of Vehumet.
  6415 | D:7      | Got a pitted ring mail
  6433 | D:7      | Identified the +1 ring mail "Camirgh" {+Fly rF+} (You found it on level 7 of the Dungeon)
  6472 | D:7      | Found a basalt altar of Yredelemnul.
  7505 | D:8      | Reached skill level 12 in Axes
  7611 | D:8      | Noticed Joseph
  7622 | D:8      | Killed Joseph
  7810 | D:8      | Reached ***** piety under Trog
  7813 | D:8      | Reached XP level 10. HP: 73/91 MP: 5/9
  8567 | D:9      | Found a sacrificial altar of Ru.
  8573 | D:9      | Found a burning altar of Makhleb.
  8574 | D:9      | Found an iron altar of Okawaru.
  8574 | D:9      | Found a shattered altar of Ashenzari.
  8575 | D:9      | Found a bloodstained altar of Trog.
  8575 | D:9      | Found a snail-covered altar of Cheibriados.
  8576 | D:9      | Found a glowing silver altar of Zin.
  8596 | D:9      | Reached skill level 13 in Axes
  8813 | D:9      | You fall through a shaft for 2 floors!
  8813 | D:11     | Found a staircase to the Lair.
  8844 | D:10     | Entered Level 10 of the Dungeon
  8943 | D:10     | Noticed a hill giant
  8950 | D:10     | Killed a hill giant
  9282 | D:9      | Reached skill level 10 in Fighting
  9371 | D:9      | Killed an unseen horror
  9906 | D:9      | Reached skill level 14 in Axes
  9909 | D:9      | Reached skill level 10 in Armour
 10206 | D:9      | Noticed Grum
 10216 | D:9      | Killed Grum
 10220 | D:9      | Reached XP level 11. HP: 101/101 MP: 8/10
 10635 | D:10     | Found a sacrificial altar of Ru.
 11295 | D:11     | Found a staircase to the Orcish Mines.
 11604 | D:11     | Noticed a skeletal warrior
 11607 | D:11     | Noticed a skeletal warrior
 11609 | D:11     | Noticed a skeletal warrior
 11610 | D:11     | Noticed a skeletal warrior
 11612 | D:11     | Noticed a skeletal warrior
 11617 | D:11     | Killed a skeletal warrior
 11618 | D:11     | Found Haneskon's Book Shoppe.
 11620 | D:11     | Killed a skeletal warrior
 11620 | D:11     | HP: 4/153 [skeletal warrior/short sword[a skeletal warrior] (5)]
 11620 | D:11     | Slain by a skeletal warrior

Vault maps used:
D:1:      dpeg_arrival_signposts, minmay_newt_pond
D:2:      grunt_gozag_statues, minivault_5
D:4:      led_xom_imps, uniq_crazy_yiuf_cottage, uniq_duvessa
D:5:      serial_shops, shop_coins, first_bread, uniq_edmund, uniq_sigmund
D:6:      kennysheep_little_box, lemuel_round_altar, basic_altar, uniq_pikel
D:7:      overflow_temple_1_default, kennysheep_mini_moat
D:8:      special_room, grunt_livestock, uniq_joseph
D:9:      grunt_temple_overflow_open, hangedman_tell_no_tales, uniq_grum
D:10:     hangedman_ru_absence
D:11:     dpeg_oklobed_lair, david_orc_3, serial_shops, shop

Skill      XL: |  1  2  3  4  5  6  7  8  9 10 11 |
---------------+----------------------------------+-----
Axes           | 4 5 6 7 8 10 12 14 | 14.9
Fighting       | 4 5 6 7 9 10 11 | 11.0
Armour         | 3 4 5 7 8 10 | 10.6
Dodging        | |  2.1

Action                   |  1- 3 |  4- 6 |  7- 9 | 10-12 || total
-------------------------+-------+-------+-------+-------++-------
Melee: Hand axe          |    81 |   130 |   276 |       ||   487
       Headbutt          |     9 |    26 |    53 |    47 ||   135
       War axe           |       |       |    22 |    47 ||    69
       Battleaxe         |       |       |       |   161 ||   161
Invok: Burn Spellbooks   |       |     1 |     2 |     2 ||     5
       Berserk           |       |     2 |     9 |     6 ||    17
Evoke: Fan of gales      |       |       |       |     1 ||     1
  Use: Scroll            |       |     8 |     8 |     8 ||    24
       Potion            |       |       |     1 |       ||     1
  Eat: Chunk             |     2 |     9 |    19 |    11 ||    41
       Pizza             |       |       |     1 |     2 ||     3
       Beef jerky        |       |       |     1 |     2 ||     3
Armor: Animal skin       |    14 |       |       |       ||    14
       Ring mail         |     8 |    48 |    88 |    98 ||   242
Dodge: Dodged            |    43 |    92 |   113 |   126 ||   374
